Map: 트라이튼 - 래더

Players

SpaceMarine

  • Race: Protoss Protoss
  • Spawn Location: 5:00

Hurricane - Winner!

  • Race: Protoss Protoss
  • Spawn Location: 11:00

Event: IEM Katowice 2020

VOD

Have the link to the VOD?

Description

Time

  • Played on: Feb. 25, 2020, 4:15 a.m.
  • Length: 5:42

All games in this series

Show
View Real Time Build Order
Export as new Build Order

SpaceMarine Protoss 

Build Orders:  

Get SALT Encoding   

  12  0:00  Probe  
  13  0:12  Probe  
  14  0:16  Pylon  
  14  0:25  Probe (Chrono Boost)  
  15  0:36  Gateway  
  15  0:37  Probe (Chrono Boost)  
  16  0:44  Probe (Chrono Boost)  
  16  0:46  Assimilator  
  17  0:51  Probe  
  17  0:54  Assimilator  
  18  1:03  Probe (Chrono Boost)  
  19  1:10  Gateway  
  19  1:12  Probe (Chrono Boost)  
  19  1:17  Probe (Chrono Boost)  
  21  1:25  Cybernetics Core  
  21  1:29  Probe  
  22  1:35  Pylon  
  22  1:41  Probe  
  23  2:01  Stalker x2  
  23  2:05  Robotics Facility  
  27  2:08  Warp Gate  
  27  2:15  Pylon  
  27  2:31  Stalker x2  
  30  2:46  Pylon  
  30  2:51  Immortal (Chrono Boost)  
  34  3:21  Warp Prism (Chrono Boost), Twilight Council  
  36  3:28  Shield Battery  
  36  3:36  Gateway  
  36  3:57  Stalker x2  
  35  4:23  Stalker x2  
  39  4:26  Probe (Chrono Boost)  
  40  4:35  Probe (Chrono Boost)  
  41  4:49  Dark Shrine  
  41  4:57  Adept x2  
  41  4:58  Adept  
  37  5:22  Zealot  
  37  5:25  Pylon  
Show
View Real Time Build Order
Export as new Build Order

Hurricane Protoss - Winner!

Build Orders:  

Get SALT Encoding   

  12  0:01  Probe  
  13  0:13  Probe  
  14  0:17  Pylon  
  14  0:25  Probe  
  15  0:36  Gateway  
  15  0:37  Probe (Chrono Boost)  
  16  0:47  Probe (Chrono Boost), Assimilator  
  17  0:52  Probe (Chrono Boost)  
  17  0:55  Assimilator  
  18  1:03  Probe (Chrono Boost)  
  19  1:08  Gateway  
  19  1:13  Probe (Chrono Boost)  
  20  1:18  Probe (Chrono Boost)  
  20  1:25  Cybernetics Core  
  21  1:30  Probe  
  22  1:36  Pylon  
  22  1:42  Probe  
  23  2:01  Adept, Robotics Facility  
  23  2:02  Adept  
  23  2:05  Warp Gate  
  27  2:13  Pylon  
  27  2:21  Probe  
  28  2:33  Stalker  
  32  2:45  Warp Prism (Chrono Boost)  
  32  2:47  Sentry  
  34  2:53  Pylon  
  34  3:04  Sentry  
  36  3:12  Immortal (Chrono Boost)  
  40  3:22  Shield Battery  
  42  3:38  Pylon  
  40  3:44  Immortal (Chrono Boost)  
  44  3:54  Stalker  
  46  3:58  Zealot  
  44  4:20  Immortal (Chrono Boost)  
  44  4:23  Adept x2  
  52  4:34  Gateway  
  52  4:45  Stalker  
  54  4:49  Pylon  
  54  4:59  Zealot  
  55  5:05  Probe  
  52  5:11  Stalker  
  50  5:19  Probe (Chrono Boost)  
  50  5:30  Probe (Chrono Boost), Sentry x2  
  50  5:35  Stalker  

Tags
 
Add a new tag
Caveats
  • Supply blocks, unpowered buildings, or Contaminate may cause inaccurate times.
  • Supply counts are checked every 10 seconds.